[Event "December 5 Early 2023"]
[Site "https://www.chess.com"]
[Date "2023.12.05"]
[Round "11"]
[White "Matinian, Nikita"]
[Black "Khamdamova, Afruza"]
[Result "1-0"]
[Board "48"]
[TimeControl "180+1"]
[WhiteFideId "24129100"]
[BlackFideId "14210444"]
[WhiteElo "2716"]
[BlackElo "2551"]
[WhiteTeam "FID"]
[BlackTeam "UZB"]
[WhiteClock "0:01:08"]
[BlackClock "0:00:36"]

1. e4 e5 2. Nf3 Nc6 3. Bc4 Nf6 4. d3 Bc5 5. O-O O-O 6. c3 d6 7. Bg5 h6 8. Bh4 Be6 9. Nbd2 a5 10. Re1 Ba7 11. a4 Bxc4 12. Nxc4 Nb8 13. d4 Nbd7 14. dxe5 dxe5 15. Nfxe5 Nxe5 16. Nxe5 Re8 17. Ng4 Qxd1 18. Nxf6+ gxf6 19. Raxd1 Kg7 20. g4 Re7 21. Kg2 Rae8 22. f3 Bb6 23. Rd5 Re5 24. Red1 R8e7 25. Rxe5 Rxe5 26. Rd5 Re6 27. Rd7 Rc6 28. Rd3 Kf8 29. b3 Ke8 30. Be1 Bc5 31. Bd2 Bf8 32. c4 b6 33. Rd5 Re6 34. Kf1 c6 35. Rh5 Rd6 36. Ke2 Ke7 37. Bxh6 Bxh6 38. Rxh6 Rd8 39. h4 Rc8 40. g5 fxg5 41. hxg5 Kf8 42. Ke3 Kg7 43. f4 Rc7 44. f5 Rc8 45. Kf4 Rc7 46. e5 Rc8 47. f6+ Kg8 48. g6 fxg6 49. Rxg6+ Kf7 50. Kf5 Re8 51. e6+ 1-0

[Event "December 5 Early 2023"]
[Site "https://www.chess.com"]
[Date "2023.12.05"]
[Round "11"]
[White "Novozhilov, Semen"]
[Black "Yashmetov, Mikhail"]
[Result "1-0"]
[Board "49"]
[TimeControl "180+1"]
[WhiteFideId "24289167"]
[BlackFideId "24198900"]
[WhiteElo "2713"]
[BlackElo "2544"]
[WhiteTeam "RUS"]
[BlackTeam "RUS"]
[WhiteClock "0:00:30"]
[BlackClock "0:00:00"]

1. d4 d5 2. c4 dxc4 3. e3 Nf6 4. Bxc4 e6 5. Nf3 c5 6. O-O Nc6 7. Qe2 Be7 8. Rd1 O-O 9. Nc3 a6 10. dxc5 Qa5 11. a3 Qxc5 12. b4 Qh5 13. Bb2 b5 14. Bb3 Bb7 15. h3 Rac8 16. Rac1 Rfd8 17. Rxd8+ Rxd8 18. e4 Bd6 19. Rd1 Bc7 20. Rxd8+ Nxd8 21. Qe3 Nc6 22. Ne2 Ne5 23. Nd2 Neg4 24. hxg4 Qh2+ 25. Kf1 Qh1+ 26. Ng1 Nxg4 27. Qa7 Nh2+ 28. Ke2 Qxg1 29. Qxb7 Bd6 30. Qc8+ Bf8 31. Be5 Ng4 32. Bd4 Qxg2 33. Bc5 h5 34. Qxf8+ Kh7 35. Qxf7 Nf6 36. Bc2 e5 37. Qe6 h4 38. Qf5+ Kh8 39. Qf3 Qg6 40. Qh3 Qh5+ 41. Nf3 Ng4 42. Qxh4 Qxh4 43. Nxh4 Nf6 44. Ng6+ Kh7 45. Nxe5 Nh5 46. Nd3 Nf6 47. e5 Nd5 48. Nf4+ 1-0

[Event "December 5 Early 2023"]
[Site "https://www.chess.com"]
[Date "2023.12.05"]
[Round "11"]
[White "Hambleton, Aman"]
[Black "Kopczynski, Michal"]
[Result "0-1"]
[Board "50"]
[TimeControl "180+1"]
[WhiteFideId "2606577"]
[BlackFideId "1124200"]
[WhiteElo "2706"]
[BlackElo "2520"]
[WhiteTeam "CAN"]
[BlackTeam "POL"]
[WhiteClock "0:00:04"]
[BlackClock "0:00:22"]

1. d4 Nf6 2. Bf4 g6 3. e3 Bg7 4. h3 d6 5. c3 O-O 6. Nf3 Nfd7 7. Be2 Nc6 8. a4 e5 9. Bh2 f5 10. a5 f4 11. d5 Ne7 12. e4 h6 13. Nfd2 g5 14. Bg4 Nf6 15. Bxc8 Qxc8 16. f3 h5 17. Bg1 Ng6 18. Bf2 g4 19. hxg4 hxg4 20. Ke2 g3 21. Be1 Kf7 22. Nb3 Qd7 23. c4 Rh8 24. Rg1 Rh2 25. Kd3 Rah8 26. Nc3 Nh7 27. a6 c6 28. axb7 Qxb7 29. dxc6 Qxc6 30. Rxa7+ Kg8 31. Nd5 Ng5 32. Bb4 Ne6 33. Na5 Nc5+ 34. Kc3 Qc8 35. Bxc5 Qxc5 36. b4 Qxa7 37. Nc6 Qf2 38. b5 Rxg2 39. Rxg2 Qxg2 40. b6 Kh7 41. b7 Nh4 42. Nb6 Qxf3+ 43. Qxf3 Nxf3 44. Nc8 g2 45. b8=Q g1=Q 46. Qxd6 Rxc8 47. Qd7 Rxc6 48. Qxc6 Qd4+ 49. Kb4 Nd2 50. Qc8 Qxc4+ 51. Qxc4 Nxc4 52. Kxc4 Kg6 53. Kd3 Kg5 54. Ke2 Kg4 55. Kf2 f3 56. Kg1 Kf4 57. Kf2 Kxe4 0-1

[Event "December 5 Early 2023"]
[Site "https://www.chess.com"]
[Date "2023.12.05"]
[Round "11"]
[White "Budrewicz, Krzysztof"]
[Black "Aradhya, Garg"]
[Result "0-1"]
[Board "51"]
[TimeControl "180+1"]
[WhiteFideId "1127950"]
[BlackFideId "25006746"]
[WhiteElo "2519"]
[BlackElo "2701"]
[WhiteTeam "POL"]
[BlackTeam "IND"]
[WhiteClock "0:00:46"]
[BlackClock "0:00:39"]

1. d4 d5 2. c4 c6 3. Nc3 Nf6 4. Nf3 dxc4 5. a4 Bf5 6. e3 e6 7. Bxc4 Bb4 8. O-O O-O 9. Qe2 h6 10. e4 Bg6 11. e5 Nd5 12. Nxd5 cxd5 13. Bd3 Bxd3 14. Qxd3 Nc6 15. Be3 Rc8 16. h4 a6 17. g4 f6 18. exf6 Qxf6 19. Nh2 Qxh4 20. Kg2 Bd6 21. f4 Nb4 22. Qg6 Rf6 23. Qh5 Rc2+ 24. Rf2 Rxf2+ 25. Bxf2 Qxh5 26. gxh5 Nd3 27. Bh4 Nxf4+ 28. Kh1 Rf8 29. Rc1 Nxh5 30. Ng4 Rf4 31. Rg1 Rxd4 32. Bf2 Rf4 33. Nxh6+ Kh7 34. Ng4 Nf6 35. Nxf6+ Rxf6 36. Bd4 Rh6+ 37. Kg2 Rg6+ 38. Kf1 Rxg1+ 39. Kxg1 e5 40. Bb6 Kg6 41. Kf2 Kf5 0-1

[Event "December 5 Early 2023"]
[Site "https://www.chess.com"]
[Date "2023.12.05"]
[Round "11"]
[White "Prohaszka, Peter"]
[Black "Bychkov, Vladimir"]
[Result "1-0"]
[Board "52"]
[TimeControl "180+1"]
[WhiteFideId "726265"]
[BlackFideId "24151513"]
[WhiteElo "2679"]
[BlackElo "2488"]
[WhiteTeam "HUN"]
[BlackTeam "RUS"]
[WhiteClock "0:00:09"]
[BlackClock "0:00:19"]

1. e4 c6 2. Nf3 d5 3. d3 Qc7 4. Nc3 Nf6 5. e5 Ng8 6. d4 Bf5 7. Ne2 h6 8. Ng3 Bd7 9. c3 c5 10. dxc5 e6 11. b4 a5 12. a3 Nc6 13. Bb5 Nxe5 14. Bxd7+ Nxd7 15. O-O Ngf6 16. Nd4 Be7 17. Re1 O-O 18. Ngf5 Bd8 19. Nxh6+ gxh6 20. Bxh6 Be7 21. Qf3 Rfe8 22. Nb5 Qb8 23. Rad1 Bf8 24. Bxf8 Kxf8 25. Nd6 Rd8 26. Rd4 Ra6 27. Qf4 Rxd6 28. cxd6 Ke8 29. Re3 Ng8 30. Rxd5 axb4 31. axb4 Ndf6 32. Rd1 Qa7 33. g4 Kf8 34. g5 Nd5 35. Rxd5 exd5 36. g6 b6 37. Re7 Qa1+ 38. Kg2 f6 39. g7# 1-0

[Event "December 5 Early 2023"]
[Site "https://www.chess.com"]
[Date "2023.12.05"]
[Round "11"]
[White "Bolat, Inayat"]
[Black "Spata, German"]
[Result "1-0"]
[Board "53"]
[TimeControl "180+1"]
[WhiteFideId "13733125"]
[BlackFideId "113026"]
[WhiteElo "2439"]
[BlackElo "2649"]
[WhiteTeam "KAZ"]
[BlackTeam "ARG"]
[WhiteClock "0:00:17"]
[BlackClock "0:00:00"]

1. e4 e6 2. d4 d5 3. Nc3 dxe4 4. Nxe4 Nd7 5. Bd3 Ngf6 6. c3 c5 7. dxc5 Nxc5 8. Nxc5 Bxc5 9. Bg5 Qb6 10. Qe2 Bd7 11. Nf3 h6 12. Bh4 O-O-O 13. Ne5 Rhf8 14. b4 Bxb4 15. O-O Bd6 16. Nc4 Qc7 17. Nxd6+ Qxd6 18. Bg3 Qc5 19. Rab1 Bc6 20. Bb5 Ne4 21. Bxc6 Qxc6 22. Rb4 Nxg3 23. hxg3 Kb8 24. Rfb1 Rd7 25. Qe5+ Ka8 26. Qxg7 Rb8 27. Qxh6 Qxc3 28. Qf4 e5 29. Qe4 Rd4 30. Rxb7 Qc1+ 31. Rxc1 Rxe4 32. Rxf7 Ra4 33. Rc2 Re8 34. f3 e4 35. fxe4 Raxe4 36. Rcc7 Ra4 37. g4 Rxa2 38. g5 Ra6 39. Kh2 Rg8 40. Kh3 Kb8 41. Rce7 Ra4 42. g6 a5 43. g7 Rd4 44. Rf8+ Rd8 45. Ref7 1-0

[Event "December 5 Early 2023"]
[Site "https://www.chess.com"]
[Date "2023.12.05"]
[Round "11"]
[White "YurasovMat-2012"]
[Black "Narva, Mai"]
[Result "0-1"]
[Board "54"]
[TimeControl "180+1"]
[BlackFideId "4500512"]
[WhiteElo "2377"]
[BlackElo "2638"]
[BlackTeam "EST"]
[WhiteClock "0:00:01"]
[BlackClock "0:00:02"]

1. e4 c5 2. Nf3 Nc6 3. Bb5 d6 4. d4 cxd4 5. Nxd4 Bd7 6. O-O Nf6 7. Re1 e5 8. Nf3 Be7 9. Nc3 O-O 10. Bg5 a6 11. Bf1 Bg4 12. h3 Bh5 13. Bxf6 Bxf6 14. Nd5 b5 15. c3 h6 16. Be2 Bg6 17. Bd3 Bg5 18. Qe2 Ne7 19. Ne3 Bxe3 20. Qxe3 f5 21. exf5 Nxf5 22. Qe4 Qf6 23. Qe2 Rae8 24. Be4 Kh8 25. Rad1 Ne7 26. Qd3 Bxe4 27. Qxe4 Ng6 28. Kh1 Nf4 29. Nh2 d5 30. Qe3 e4 31. Ng4 Qf5 32. Qg3 Nd3 33. Rf1 Nxb2 34. Rd4 Nc4 35. Rfd1 Rd8 36. Kg1 Nb2 37. R1d2 Nd3 38. Ne3 Qh5 39. Qc7 Nf4 40. Kh2 Nd3 41. Kg1 Kh7 42. Qc6 Rf6 43. Qc7 Rdd6 44. Qe7 Nf4 45. Kh2 Qg5 46. g3 Nd3 47. Qe8 Nxf2 48. Nxd5 e3 49. Nxe3 Qxe3 50. Rxd6 Qf3 51. Qe2 Qh1# 0-1

[Event "December 5 Early 2023"]
[Site "https://www.chess.com"]
[Date "2023.12.05"]
[Round "11"]
[White "Dragun, Kamil"]
[Black "Skatchkov, Valery"]
[Result "1-0"]
[Board "55"]
[TimeControl "180+1"]
[WhiteFideId "1134167"]
[BlackFideId "24195812"]
[WhiteElo "2794"]
[BlackElo "2608"]
[WhiteTeam "POL"]
[BlackTeam "RUS"]
[WhiteClock "0:00:09"]
[BlackClock "0:00:05"]

1. d4 Nf6 2. c4 e6 3. Nf3 d5 4. Nc3 Ne4 5. Qc2 Nxc3 6. bxc3 dxc4 7. e4 b5 8. a4 c6 9. Bf4 a6 10. Be2 Nd7 11. O-O Be7 12. Rad1 Bb7 13. Qb1 Qc8 14. h4 Nb6 15. a5 Na4 16. Qc1 Qd8 17. Rfe1 Qxa5 18. d5 Qxc3 19. Qb1 O-O 20. Be5 Qb3 21. Qa1 f6 22. d6 Bd8 23. Rb1 Qc2 24. Rbc1 Qb3 25. Nd4 Qb2 26. Qxb2 Nxb2 27. Bg3 e5 28. Ne6 Re8 29. Nc5 Ra7 30. Rc2 Na4 31. Nxa4 bxa4 32. Bxc4+ Kf8 33. f4 Bb6+ 34. Kh2 Bd4 35. Ra2 c5 36. Rxa4 Rd8 37. fxe5 Bxe5 38. Bxe5 fxe5 39. Rf1+ Ke8 40. Rf7 Rxd6 41. Rxg7 Rd4 42. Rxh7 Kd8 43. Rg7 Kc8 44. h5 Kb8 45. h6 Bxe4 46. Rxa7 Kxa7 47. Rxa6+ Kb7 48. Ra4 Bc6 49. Ba6+ Kb6 50. Rxd4 exd4 51. h7 Kxa6 52. h8=Q Kb5 53. Qe5 Kc4 54. Kg3 Bxg2 55. Kxg2 d3 56. Kf2 Kb3 57. Ke3 c4 58. Qd4 Kc2 59. Qxc4+ 1-0

[Event "December 5 Early 2023"]
[Site "https://www.chess.com"]
[Date "2023.12.05"]
[Round "11"]
[White "Molina, Roberto Junio Brito"]
[Black "Janaszak, Dawid"]
[Result "1-0"]
[Board "56"]
[TimeControl "180+1"]
[WhiteFideId "2109450"]
[BlackFideId "1119206"]
[WhiteElo "2787"]
[BlackElo "2598"]
[WhiteTeam "BRA"]
[BlackTeam "POL"]
[WhiteClock "0:00:12"]
[BlackClock "0:00:03"]

1. d4 d5 2. c4 e6 3. Nc3 c5 4. cxd5 cxd4 5. Qa4+ Bd7 6. Qxd4 exd5 7. Qxd5 Nc6 8. Qd1 Nf6 9. Nf3 Bc5 10. e3 Qe7 11. Be2 O-O-O 12. O-O g5 13. Nd4 g4 14. a3 h5 15. b4 Bd6 16. Ncb5 Bb8 17. Bb2 h4 18. Rc1 g3 19. Bf3 Ne4 20. Nxc6 bxc6 21. Bxh8 gxf2+ 22. Rxf2 Nxf2 23. Kxf2 Rxh8 24. Nd4 Re8 25. Qd3 Bxh2 26. Nxc6 Bg3+ 27. Ke2 Bxc6 28. Rxc6+ Bc7 29. Qa6+ Kd8 30. Qxa7 Qe5 31. Qc5 Qb2+ 32. Qc2 Qxc2+ 33. Rxc2 Bb6 34. Rc3 f5 35. Kd2 Re7 36. a4 Rd7+ 37. Rd3 Rxd3+ 38. Kxd3 Kc7 39. a5 Ba7 40. e4 fxe4+ 41. Bxe4 Kd6 42. Kc4 Ke5 43. Ba8 Kd6 44. b5 Kc7 45. Bf3 Kd6 46. b6 Bb8 47. Kb5 h3 48. gxh3 1-0

[Event "December 5 Early 2023"]
[Site "https://www.chess.com"]
[Date "2023.12.05"]
[Round "11"]
[White "Truskavetsky, Alexandr"]
[Black "Wagner, Dennis"]
[Result "0-1"]
[Board "57"]
[TimeControl "180+1"]
[WhiteFideId "14108577"]
[BlackFideId "24650684"]
[WhiteElo "2577"]
[BlackElo "2754"]
[WhiteTeam "RUS"]
[BlackTeam "GER"]
[WhiteClock "0:00:41"]
[BlackClock "0:00:05"]

1. d4 Nf6 2. c4 e6 3. Nc3 d5 4. cxd5 exd5 5. Bg5 Be7 6. e3 O-O 7. Bd3 h6 8. Bh4 Re8 9. Nge2 c6 10. Qc2 a5 11. a4 Na6 12. Qd1 Nb4 13. Bb1 Nh5 14. Bxe7 Qxe7 15. O-O Qg5 16. Kh1 Bg4 17. f3 Bd7 18. e4 dxe4 19. fxe4 Bg4 20. Qe1 Rad8 21. Qf2 Re7 22. e5 Qd2 23. Rd1 Qxb2 24. Qe3 Bxe2 25. Nxe2 Nf6 26. Qf3 Rxe5 27. Bh7+ Kxh7 28. dxe5 Rxd1+ 29. Rxd1 Qxe5 30. Ng3 Nbd5 31. Qd3+ g6 32. Rf1 Kg7 33. Qb3 b6 34. Rc1 Nb4 35. Qc4 h5 36. Rf1 Nfd5 37. Ne4 h4 38. Nd2 f5 39. Nf3 Qe7 40. Re1 Qf6 41. Nxh4 b5 42. axb5 cxb5 43. Qxb5 Qxh4 44. Rc1 Qf4 45. Qd7+ Kh6 46. Rb1 Qe4 47. Rd1 Nd3 48. Qa7 Ne3 49. Rd2 Nf2+ 50. Kg1 Qxg2# 0-1

[Event "December 5 Early 2023"]
[Site "https://www.chess.com"]
[Date "2023.12.05"]
[Round "11"]
[White "Kislinsky, Alexey"]
[Black "Tifferet, Shakked"]
[Result "1-0"]
[Board "58"]
[TimeControl "180+1"]
[WhiteFideId "14108801"]
[BlackFideId "2811529"]
[WhiteElo "2697"]
[BlackElo "2568"]
[WhiteTeam "CZE"]
[BlackTeam "ISR"]
[WhiteClock "0:00:17"]
[BlackClock "0:00:02"]

1. e4 c5 2. c3 d6 3. d4 Nf6 4. Bd3 g6 5. Nf3 Bg7 6. O-O O-O 7. h3 d5 8. e5 Ne4 9. Nbd2 Nxd2 10. Bxd2 Nc6 11. Be3 cxd4 12. cxd4 Qb6 13. Qd2 Bd7 14. Rfb1 a5 15. a3 a4 16. Bc2 Na5 17. Bh6 Nb3 18. Bxb3 axb3 19. Bxg7 Kxg7 20. g4 Rac8 21. Rc1 Ba4 22. Rc3 Rxc3 23. Qxc3 Bd7 24. Nd2 f6 25. Re1 fxe5 26. Rxe5 Qf6 27. Qe3 e6 28. Nxb3 b6 29. Nc1 Qf3 30. Nd3 Qd1+ 31. Ne1 Qb1 32. Kg2 Qxb2 33. Nf3 h6 34. h4 Qa1 35. h5 Rxf3 36. Qxf3 Qxd4 37. hxg6 Kxg6 38. Re1 e5 39. Kg3 e4 40. Qf4 Qc3+ 41. Qe3 Qxe3+ 42. fxe3 Kg5 43. Rb1 b5 44. Rd1 Be6 45. Rd4 Bf7 46. Rd1 Be6 47. Rd2 Bf7 48. Rf2 Be6 49. Rf8 Kg6 50. Re8 Kf7 51. Rb8 d4 52. exd4 Bc4 53. Kf4 Bd3 54. Rb7+ Ke6 55. Rh7 Kd5 56. Rxh6 Kxd4 57. Rd6+ Kc3 58. g5 Kd2 59. g6 e3 60. g7 e2 61. g8=Q e1=Q 62. Qa2+ Kd1 63. Qa1+ Ke2 64. Qxe1+ Kxe1 65. Rxd3 b4 66. axb4 Ke2 67. Rd8 1-0

[Event "December 5 Early 2023"]
[Site "https://www.chess.com"]
[Date "2023.12.05"]
[Round "11"]
[White "Hua, Lefong"]
[Black "Shuvalov, Evgenij"]
[Result "1-0"]
[Board "59"]
[TimeControl "180+1"]
[WhiteFideId "2602253"]
[BlackFideId "4187237"]
[WhiteElo "2695"]
[BlackElo "2564"]
[WhiteTeam "CAN"]
[BlackTeam "FID"]
[WhiteClock "0:01:02"]
[BlackClock "0:00:16"]

1. d4 Nf6 2. c4 g6 3. Nc3 d5 4. cxd5 Nxd5 5. e4 Nxc3 6. bxc3 Bg7 7. Nf3 c5 8. Rb1 O-O 9. Be2 Nc6 10. d5 Ne5 11. Nxe5 Bxe5 12. Qd2 e6 13. f4 Bc7 14. O-O exd5 15. exd5 Ba5 16. f5 Bxf5 17. Rxb7 Be4 18. Bc4 Qd6 19. Qf4 Qxf4 20. Rxf4 Bf5 21. g4 Bc8 22. Rbxf7 Rxf7 23. d6 Ba6 24. Bxf7+ Kg7 25. Bd5 Rf8 26. Rxf8 Kxf8 27. c4 Ke8 28. Be6 Bd8 29. Be3 Bb7 30. Bxc5 Bb6 31. Bxb6 axb6 32. Kf2 g5 33. Ke3 Kd8 34. Kd4 Bf3 35. Ke5 h6 36. Kf6 h5 37. gxh5 Bxh5 38. Kxg5 Be8 39. h4 1-0

[Event "December 5 Early 2023"]
[Site "https://www.chess.com"]
[Date "2023.12.05"]
[Round "11"]
[White "Saravana, Krishnan P."]
[Black "Csonka, Balazs"]
[Result "0-1"]
[Board "60"]
[TimeControl "180+1"]
[WhiteFideId "5018382"]
[BlackFideId "742910"]
[WhiteElo "2556"]
[BlackElo "2689"]
[WhiteTeam "IND"]
[BlackTeam "HUN"]
[WhiteClock "0:00:02"]
[BlackClock "0:00:06"]

1. e4 e5 2. Nf3 Nc6 3. Bb5 a6 4. Ba4 Nf6 5. O-O d6 6. h3 b5 7. Bb3 Na5 8. d4 Nxb3 9. axb3 Nxe4 10. dxe5 Bb7 11. Re1 dxe5 12. Qxd8+ Rxd8 13. Nxe5 Bc5 14. Be3 Bxe3 15. fxe3 h5 16. Nf3 Rh6 17. Nc3 Nxc3 18. bxc3 Bxf3 19. gxf3 Rd2 20. Rec1 Rg6+ 21. Kf1 Rh2 22. f4 f5 23. c4 bxc4 24. bxc4 h4 25. Re1 Kf7 26. Ra5 Kg8 27. Rxf5 Rgg2 28. Rg5 Rxc2 29. Rd1 Rxh3 30. Kg1 Rxe3 31. Rh5 h3 32. Ra5 h2+ 33. Kh1 Rg3 34. Rxa6 Rcg2 35. Raa1 Rg4 36. f5 Kh7 37. Rf1 Kh6 38. f6 gxf6 39. Rxf6+ Kg5 40. Rff1 Rg1+ 41. Rxg1 hxg1=Q+ 42. Rxg1 Rxg1+ 43. Kxg1 Kf4 44. Kf2 Ke4 45. Ke2 Kd4 46. Kd2 Kxc4 47. Kc2 c5 48. Kd2 Kb3 49. Kc1 Kc3 50. Kb1 Kd2 0-1

[Event "December 5 Early 2023"]
[Site "https://www.chess.com"]
[Date "2023.12.05"]
[Round "11"]
[White "Santos Flores, Alberto"]
[Black "Arabidze, Meri"]
[Result "0-1"]
[Board "61"]
[TimeControl "180+1"]
[WhiteFideId "3601234"]
[BlackFideId "13604040"]
[WhiteElo "2553"]
[BlackElo "2689"]
[WhiteTeam "ECU"]
[BlackTeam "GEO"]
[WhiteClock "0:00:03"]
[BlackClock "0:00:27"]

1. e4 c5 2. Nf3 e6 3. g3 Nf6 4. Qe2 Nc6 5. Bg2 e5 6. c3 d6 7. O-O Be7 8. Rd1 O-O 9. Na3 Bg4 10. Nc4 Qd7 11. d3 Rfe8 12. Bg5 h6 13. Bxf6 Bxf6 14. Ne3 Be6 15. Nd5 Bxd5 16. exd5 Ne7 17. Nd2 g6 18. a3 Bg7 19. b4 b6 20. bxc5 bxc5 21. Rdb1 Rab8 22. Nc4 Kh7 23. Qc2 f5 24. Rxb8 Rxb8 25. Rb1 Qc7 26. Rxb8 Qxb8 27. Qb2 Qxb2 28. Nxb2 e4 29. dxe4 Bxc3 30. Nc4 fxe4 31. Bxe4 Nc8 32. f4 Kg7 33. Kf2 Kf6 34. Kf3 g5 35. fxg5+ hxg5 36. h4 gxh4 37. gxh4 Be5 38. Kg4 Nb6 39. Nxe5 dxe5 40. h5 Nc4 41. h6 Nd6 42. Kf3 c4 43. Ke3 Nf7 44. h7 Kg7 45. Bc2 Nd6 46. Kd2 e4 47. Ke3 c3 48. Kd4 Kxh7 49. Kc5 Kg7 50. Kxd6 e3 51. Kc7 e2 52. d6 e1=Q 53. d7 Qg3+ 54. Kc8 Qh3 55. Kc7 Qh2+ 56. Kc8 Qxc2 57. d8=Q Qf5+ 58. Kc7 c2 59. Qd4+ Kg6 60. Qc3 Qf7+ 61. Kb8 Qf4+ 62. Kb7 c1=Q 0-1

[Event "December 5 Early 2023"]
[Site "https://www.chess.com"]
[Date "2023.12.05"]
[Round "11"]
[White "Goryachkina, Aleksandra"]
[Black "Rietze, Clemens, Dr."]
[Result "1-0"]
[Board "63"]
[TimeControl "180+1"]
[WhiteFideId "4147103"]
[BlackFideId "24620351"]
[WhiteElo "2659"]
[BlackElo "2532"]
[WhiteTeam "FID"]
[BlackTeam "GER"]
[WhiteClock "0:00:42"]
[BlackClock "0:00:10"]

1. e4 c6 2. d4 d5 3. exd5 cxd5 4. c4 Nf6 5. Nc3 Nc6 6. Nf3 Bg4 7. Bg5 Qa5 8. Bd2 Bxf3 9. gxf3 dxc4 10. Bxc4 Qc7 11. d5 Ne5 12. Qa4+ Nfd7 13. Be2 g5 14. Nb5 Qd8 15. Bxg5 f6 16. Be3 Bg7 17. f4 Ng6 18. f5 Nge5 19. Bh5+ Nf7 20. Rg1 Bf8 21. d6 Rc8 22. Nc7+ Rxc7 23. dxc7 Qxc7 24. Rc1 Qb8 25. Rd1 b5 26. Qe4 Ne5 27. f4 Nc4 28. Qc6# 1-0

[Event "December 5 Early 2023"]
[Site "https://www.chess.com"]
[Date "2023.12.05"]
[Round "11"]
[White "Grochal, Joey"]
[Black "Souleidis, Georgios"]
[Result "1-0"]
[Board "64"]
[TimeControl "180+1"]
[WhiteFideId "1019945"]
[BlackFideId "4206827"]
[WhiteElo "2506"]
[BlackElo "2655"]
[WhiteTeam "NED"]
[BlackTeam "GRE"]
[WhiteClock "0:00:20"]
[BlackClock "0:00:00"]

1. e4 c5 2. Nf3 e6 3. d4 cxd4 4. Nxd4 Nf6 5. Nc3 Nc6 6. Ndb5 Bc5 7. Nd6+ Ke7 8. Bf4 e5 9. Nf5+ Kf8 10. Bg5 d6 11. Bc4 Be6 12. Bb3 h6 13. Be3 Bxe3 14. fxe3 Bxf5 15. exf5 Qd7 16. O-O Rd8 17. Nd5 Ne7 18. Nxf6 gxf6 19. e4 d5 20. exd5 Nxd5 21. Qf3 Nf4 22. Rad1 Qc7 23. Rxd8+ Qxd8 24. Qxb7 Rh7 25. g3 Rg7 26. c3 Kg8 27. Rd1 Qa5 28. Qb8+ Kh7 29. Rd8 Qc5+ 30. Kf1 1-0

[Event "December 5 Early 2023"]
[Site "https://www.chess.com"]
[Date "2023.12.05"]
[Round "11"]
[White "Banzea, Alexandru-Bogdan"]
[Black "Devaev, Alexander"]
[Result "1-0"]
[Board "65"]
[TimeControl "180+1"]
[WhiteFideId "1232622"]
[BlackFideId "4169395"]
[WhiteElo "2652"]
[BlackElo "2528"]
[WhiteTeam "ROU"]
[BlackTeam "RUS"]
[WhiteClock "0:00:33"]
[BlackClock "0:00:00"]

1. d4 Nf6 2. Nc3 d5 3. Bf4 Bf5 4. f3 c6 5. g4 Bg6 6. h4 h5 7. g5 Nfd7 8. e3 e6 9. Bd3 Bxd3 10. Qxd3 g6 11. Nge2 Bg7 12. O-O-O O-O 13. e4 Na6 14. a3 dxe4 15. fxe4 e5 16. dxe5 Nxe5 17. Qg3 Qe7 18. Nd4 Rfe8 19. Nf5 gxf5 20. exf5 Qc5 21. Ne4 Qb5 22. Nf6+ Kf8 23. Bxe5 Bxf6 24. Bxf6 Qxf5 25. Rhf1 Qe4 26. Rfe1 Qf5 27. Kb1 Nc5 28. Qd6+ Kg8 29. Rxe8+ Rxe8 30. Qe7 Rf8 31. Qxf8+ 1-0

[Event "December 5 Early 2023"]
[Site "https://www.chess.com"]
[Date "2023.12.05"]
[Round "11"]
[White "Antunez Soler, Luis"]
[Black "Sreyas Payyappat"]
[Result "1-0"]
[Board "66"]
[TimeControl "180+1"]
[WhiteFideId "3513335"]
[BlackFideId "46674969"]
[WhiteElo "2645"]
[BlackElo "2501"]
[WhiteTeam "CUB"]
[BlackTeam "IND"]
[WhiteClock "0:00:10"]
[BlackClock "0:00:03"]

1. e4 c6 2. d4 d5 3. Nc3 dxe4 4. Nxe4 Nf6 5. Nxf6+ exf6 6. c3 Bd6 7. Bd3 O-O 8. Qc2 Re8+ 9. Ne2 h5 10. Be3 Nd7 11. O-O-O Nf8 12. h3 Be6 13. g4 Bxa2 14. b3 Qa5 15. Kd2 Qa3 16. Ra1 Bxb3 17. Qb1 Bd5 18. Rxa3 Bxa3 19. Rg1 h4 20. g5 f5 21. Bxf5 b5 22. g6 f6 23. Nf4 Bc4 24. Bd3 Rab8 25. Qa1 Bd6 26. Qxa7 Re7 27. Bxc4+ bxc4 28. Qa2 Rb3 29. Rc1 Bxf4 30. Bxf4 Nxg6 31. Be3 Kh7 32. Qa4 Rb2+ 33. Rc2 Rb1 34. Qxc6 Nf4 35. Qf3 Nd3 36. Qh5+ Kg8 37. Ra2 Rb8 38. Qd5+ Kh7 39. Qxc4 Nb2 40. Qc5 Reb7 41. Qh5+ Kg8 42. Qd5+ Kh7 43. Bf4 Nc4+ 44. Qxc4 Rb2+ 45. Rxb2 Rxb2+ 1-0

[Event "December 5 Early 2023"]
[Site "https://www.chess.com"]
[Date "2023.12.05"]
[Round "11"]
[White "Ljukin, Sergei"]
[Black "Papasimakopoulos, Alexandros"]
[Result "0-1"]
[Board "67"]
[TimeControl "180+1"]
[WhiteFideId "14102200"]
[BlackFideId "4244125"]
[WhiteElo "2497"]
[BlackElo "2643"]
[WhiteTeam "UKR"]
[BlackTeam "GRE"]
[WhiteClock "0:00:00"]
[BlackClock "0:00:01"]

1. e4 e6 2. d4 d5 3. Nc3 Bb4 4. e5 c5 5. a3 Bxc3+ 6. bxc3 Nc6 7. h4 Nge7 8. h5 h6 9. Qg4 Qa5 10. Bd2 Nf5 11. Bd3 Nce7 12. dxc5 Qxc5 13. Nf3 O-O 14. O-O Bd7 15. Qf4 f6 16. exf6 Rxf6 17. Ne5 Bc6 18. Qg4 Raf8 19. Qh3 Nd6 20. Ng4 Rf4 21. Bxf4 Rxf4 22. Nxh6+ gxh6 23. Qxe6+ Rf7 24. Bg6 Kg7 25. Rae1 Ng8 26. Bxf7 Nxf7 27. Re3 Kf8 28. Rf3 Qe7 29. Qg6 Be8 30. Rd1 Qe5 31. Rd4 Ne7 32. Qxh6+ Qg7 33. Qe3 Bd7 34. Rdf4 Be8 35. Qc5 Qg5 36. Qd4 Qxh5 37. Rh3 Qg5 38. Rh8+ Ng8 39. Rh3 Qg7 40. Qc5+ Ne7 41. Re3 Qg5 42. Rff3 b6 43. Qb4 Bc6 44. Qd6 Be8 45. Qb8 a6 0-1

[Event "December 5 Early 2023"]
[Site "https://www.chess.com"]
[Date "2023.12.05"]
[Round "11"]
[White "Jakubowski, Krzysztof"]
[Black "Kovalevsky, Stanislav"]
[Result "1/2-1/2"]
[Board "68"]
[TimeControl "180+1"]
[WhiteFideId "1112848"]
[BlackFideId "13508598"]
[WhiteElo "2636"]
[BlackElo "2495"]
[WhiteTeam "POL"]
[BlackTeam "FID"]
[WhiteClock "0:00:12"]
[BlackClock "0:00:06"]

1. e4 c6 2. d4 d5 3. exd5 cxd5 4. Bd3 Nc6 5. c3 Nf6 6. Bf4 Bg4 7. Qb3 Qd7 8. Nd2 e6 9. Ngf3 Bd6 10. Bxd6 Qxd6 11. O-O O-O 12. Rfe1 Ne7 13. Ne5 Bf5 14. Bxf5 Nxf5 15. Re2 b6 16. Rae1 Rac8 17. Qb5 Rc7 18. a3 Rfc8 19. Qd3 Nh4 20. g3 Nf5 21. g4 Ne7 22. f4 h5 23. gxh5 Nxh5 24. Qf3 g6 25. Nxf7 Kxf7 26. Rxe6 Qxe6 27. Rxe6 Kxe6 28. Qg4+ Kf7 29. Nf3 Nc6 30. Ng5+ Ke8 31. Ne6 Ne7 32. Nxc7+ Rxc7 33. f5 Nf6 34. Qf4 Rc6 35. fxg6 Nxg6 36. Qb8+ Kf7 37. Qxa7+ Ne7 38. a4 Ne4 39. Kg2 Nd2 40. h4 Nc4 41. b4 Ne3+ 42. Kf3 Nf5 43. Ke2 Nxh4 44. a5 bxa5 45. bxa5 Rxc3 46. a6 Nf5 47. Kd2 Ra3 48. Qb6 Nxd4 49. Qxd4 Rxa6 50. Qf4+ Rf6 51. Qg5 Ke6 52. Qg4+ Rf5 53. Qg7 Kd7 54. Qh7 Ke6 55. Qh3 Kd7 56. Qg4 Ke6 57. Qh3 Ke5 58. Qg3+ Ke6 59. Qg4 Kf6 60. Qh4+ Ke6 61. Qg4 Kd7 62. Qg7 Ke6 63. Qg4 1/2-1/2

[Event "December 5 Early 2023"]
[Site "https://www.chess.com"]
[Date "2023.12.05"]
[Round "11"]
[White "Skliarov, Viktor"]
[Black "Moksh Amit Doshi"]
[Result "1-0"]
[Board "69"]
[TimeControl "180+1"]
[WhiteFideId "14106736"]
[BlackFideId "25064967"]
[WhiteElo "2616"]
[BlackElo "2635"]
[WhiteTeam "UKR"]
[BlackTeam "IND"]
[WhiteClock "0:02:56"]
[BlackClock "0:01:34"]

1. e4 e5 2. Nc3 Nf6 3. Bc4 Nxe4 4. Qh5 Nd6 5. Bb3 Nc6 6. Nb5 g6 7. Qf3 f5 8. Qd5 Qf6 9. Nxc7+ Kd8 10. Nxa8 b6 11. h4 Bb7 12. Nxb6 axb6 13. Qd3 Nd4 14. Qh3 Bg7 15. d3 Re8 16. Bg5 1-0